 Dungeon Crawl Stone Soup version 0.30.0-19-g36f170ea60 (webtiles) character file.

Game seed: 10705151246936714519

106049 Amplified the Fighter (level 15, -1/127 HPs)
             Began as a Demonspawn Venom Mage on May 19, 2023.
             Was a High Priest of Sif Muna.
             Slain by an orc warlord
             ... wielding a +0 long sword
              (7 damage)
             ... on level 2 of the Orcish Mines on May 28, 2023.
             The game lasted 01:30:14 (32325 turns).

Amplified the Fighter (Demonspawn Venom Mage)      Turns: 32325, Time: 01:30:15

Health: -1/127     AC: 13    Str: 19    XL:     15   Next: 96%
Magic:  29/29      EV: 19    Int: 26    God:    Sif Muna [*****.]
Gold:   1393       SH:  6    Dex: 12    Spells: 8/34 levels left

rFire   + . .        n - +2 dagger (venom)
rCold   + + .        g - +0 buckler
rNeg    . . .        u - +2 robe {rC+ rF+}
rPois   +            f - +2 helmet {Int+3}
rElec   .            J - scarf of Heepp {shadows, rC+ Will++}
rCorr   .            e - +2 pair of gloves
SInv    +            (boots unavailable)
Will    +++..        i - amulet of the acrobat
Stlth   ++           H - ring of poison resistance
HPRegen 0.41/turn    b - +6 ring of strength
MPRegen 0.21/turn

%: acrobat, clarity
@: agile, about to teleport
A: hooves 3, thin metallic scales 2, powered by pain 3, spiny 2, see invisible,
clarity, strong 1
a: Renounce Religion, Channel Magic, Forget Spell, Divine Exegesis


You were on level 2 of the Orcish Mines.
You worshipped Sif Muna.
Sif Muna was extremely pleased with you.
You visited 4 branches of the dungeon, and saw 22 of its levels.
You visited the Abyss 1 time.
You also visited: Sewer, Gauntlet and Volcano.

You collected 1896 gold pieces.
You spent 503 gold pieces at shops.

Inventory:

Hand Weapons
 n - a +2 dagger of venom (weapon)
 T - the +9 quarterstaff "Wat Disch" {drain, rF+ rC+ Will+}
   (You found it on level 5 of the Lair of Beasts)

   rF:        It protects you from fire.
   rC:        It protects you from cold.
   Will:      It increases your willpower.
Missiles
 v - 20 poisoned darts
 z - 10 curare-tipped darts
 F - 3 throwing nets
Armour
 e - a +2 pair of gloves (worn)
 f - a +2 helmet of intelligence (worn)
 g - a +0 buckler (worn)
 k - the +3 leather armour of Honour {Int+5}
   (You found it on level 2 of the Dungeon)

   Int:       It affects your intelligence (+5).
 t - the +1 hat of Grace {Rampage}
   (You found it in a Gauntlet)

   Rampage:   It bestows one free step when moving towards enemies.
 u - a +2 robe of resistance (worn)
 y - +0 fire dragon scales
 J - the scarf of Heepp (worn) {shadows, rC+ Will++}
   (You found it on level 5 of the Lair of Beasts)

   rC:        It protects you from cold.
   Will:      It greatly increases your willpower.
Magical Staves
 q - the staff of cold "Kunivi" {rC+ rCorr}
   (You took it off a minotaur in a Gauntlet)

   [staff of cold]

   Base accuracy: +5 Base damage: 5 Base attack delay: 1.2 This weapon's minimum
   attack delay (0.6) is reached at skill level 12.
   rC:        It protects you from cold.
   rCorr:     It protects you from acid and corrosion.
   It falls into the 'Staves' category.
   It is a one-handed weapon.
Jewellery
 a - a ring of positive energy
 b - a +6 ring of strength (right hand)
 c - a ring of resist corrosion
 d - a +4 ring of slaying
 i - an amulet of the acrobat (around neck)
 s - a ring of fire
 H - a ring of poison resistance (left hand)
Wands
 j - a wand of digging (5)
 A - a wand of charming (9)
 B - a wand of mindburst (8)
 G - a wand of flame (18)
 K - a wand of polymorph (8)
 Q - a wand of acid (1)
 Z - a wand of roots (6)
Scrolls
 h - 2 scrolls of magic mapping
 o - a scroll of torment
 p - 3 scrolls of silence
 r - 4 scrolls of teleportation
 x - 2 scrolls of amnesia
 L - 2 scrolls of fog
 M - 3 scrolls of butterflies
 P - 3 scrolls of enchant weapon
 W - a scroll of enchant armour
 X - a scroll of poison
 Y - 2 scrolls of identify
Potions
 l - 2 potions of lignification
 m - 3 potions of cancellation
 w - 2 potions of flight
 C - 6 potions of mutation
 I - 2 potions of haste
 N - 2 potions of attraction
 O - a potion of resistance
 R - 4 potions of brilliance
 U - 4 potions of curing
 V - 3 potions of ambrosia
Miscellaneous
 D - a tin of tremorstones (inert)
 E - a box of beasts
 S - a lightning rod (4/4)


   Skills:
 - Level 14.5 Fighting
 - Level 5.4 Armour
 - Level 7.5 Dodging
 - Level 1.7 Stealth
 - Level 8.7 Shields
 * Level 10.1 Spellcasting
 * Level 6.4 Conjurations
 - Level 1.7 Transmutations
 - Level 6.4 Fire Magic
 - Level 5.2 Ice Magic
 - Level 10.2 Air Magic
 * Level 6.4 Earth Magic
 - Level 3.4 Poison Magic
 - Level 6.0 Invocations


You had 8 spell levels left.
You knew the following spells:

 Your Spells              Type           Power      Damage    Failure   Level
a - Scorch                Fire           92%        2d8       1%          2
b - Poisonous Vapours     Pois/Air       96%        N/A       1%          2
c - Mephitic Cloud        Conj/Pois/Air  48%        N/A       1%          3
d - Frozen Ramparts       Ice            80%        1d13      1%          3
e - Ensorcelled Hibernat  Hex/Ice        52%        N/A       2%          2
f - Blink                 Tloc           26%        N/A       9%          2
g - Olgreb's Toxic Radia  Pois           30%        N/A       13%         4
h - Passwall              Tmut/Erth      28%        N/A       1%          2
i - Iron Shot             Conj/Erth      23%        9d5       50%         6

Your spell library contained the following spells:

 Spells                   Type           Power      Damage    Failure   Level
 Freeze                   Ice            100%       1d10      1%          1
 Magic Dart               Conj           100%       1d8       1%          1
 Shock                    Conj/Air       100%       1d9       1%          1
 Sting                    Tmut/Pois      100%       1d8       1%          1
 Searing Ray              Conj           92%        2d7       1%          2
 Hailstorm                Conj/Ice       43%        3d10      1%          3
 Swiftness                Air            60%        N/A       1%          3
 Airstrike                Air            30%        2d(5-21)  1%          4
 Beastly Appendage        Tmut           44%        N/A       2%          1
 Momentum Strike          Conj/Tloc      60%        3d9       2%          2
 Flame Wave               Conj/Fire      46%        2d12      3%          4
 Wereblood                Tmut           22%        N/A       4%          2
 Necrotise                Necr           52%        1d6       5%          1
 Slow                     Hex            52%        N/A       5%          1
 Spider Form              Tmut/Pois      26%        N/A       5%          3
 Lesser Beckoning         Tloc           26%        N/A       9%          2
 Sublimation of Blood     Necr           13%        N/A       9%          2
 Fireball                 Conj/Fire      23%        3d11      11%         5
 Iskenderun's Battlesphe  Conj           46%        2d10      11%         5
 Ice Form                 Ice/Tmut       31%        N/A       13%         4
 Animate Armour           Summ/Erth      60%        N/A       14%         4
 Fulminant Prism          Conj/Hex       15%        3d11      14%         4
 Leda's Liquefaction      Hex/Erth       15%        N/A       14%         4
 Call Canine Familiar     Summ           13%        N/A       16%         3
 Confusing Touch          Hex            13%        N/A       16%         3
 Gell's Gravitas          Tloc           13%        N/A       16%         3
 Portal Projectile        Hex/Tloc       26%        N/A       16%         3
 Summon Guardian Golem    Hex/Summ       13%        N/A       16%         3
 Teleport Other           Tloc           13%        N/A       16%         3
 Vampiric Draining        Necr           13%        2d6       16%         3
 Conjure Ball Lightning   Conj/Air       27%        3x3d8     26%         6
 Borgnjor's Vile Clutch   Necr/Erth      15%        N/A       36%         5
 Alistair's Intoxication  Tmut/Pois      17%        N/A       45%         5
 Anguish                  Hex/Necr       6%         N/A       47%         4
 Blade Hands              Tmut           11%        N/A       58%         5
 Agony                    Necr           13%        N/A       83%         5
 Summon Mana Viper        Hex/Summ       13%        N/A       83%         5
 Eringya's Noxious Bog    Tmut/Pois      13%        N/A       96%         6
 Simulacrum               Ice/Necr       13%        N/A       96%         6
 Orb of Destruction       Conj           23%        9d8       97%         7
 Dispersal                Tloc           6%         N/A       100%        6
 Summon Cactus Giant      Summ           6%         N/A       100%        6
 Spellforged Servitor     Conj/Summ      15%        N/A       100%        7
 Necromutation            Tmut/Necr      8%         N/A       100%        8


Dungeon Overview and Level Annotations

Branches:
Dungeon (14/15)            Temple (1/1) D:6            Lair (5/5) D:10
  Swamp (0/4) Lair:2       Spider (0/4) Lair:2        Slime (0/5) Lair:5
    Orc (2/2) D:10         Vaults (0/5) D:13          Sewer (visited)
Volcano (visited)         Gauntlet (visited)
    Elf: Orc:2

Altars:
Ashenzari
Cheibriados
Dithmenos
Fedhas
Gozag
Hepliaklqana
Kikubaaqudgha
Makhleb
Nemelex Xobeh
Okawaru
Qazlal
Ru
Sif Muna
Trog
Uskayaw
Vehumet
Wu Jian
Xom
Yredelemnul
Jiyva

Shops:
D:9 *   D:10 =   D:13 [   Orc:2 *:

Portals:
Hell: Lair:5

Annotations:
D:7 3 runed translucent doors, P0WERM0DE's ghost, novice MeCK
D:9 Shop


Innate Abilities, Weirdness & Mutations

You have hooves in place of feet.
You are mostly covered in thin metallic scales. (AC +3)
You are powered by pain.
You are mostly covered in sharp spines.
You have supernaturally acute eyesight. (SInv)
You possess an exceptional clarity of mind.
Your muscles are strong. (Str +4, Int/Dex -1)


Message History

Casting: Olgreb's Toxic Radiance (dangerous; 13% risk of failure)
Confirm with . or Enter, or press ? or * to list all spells.
Aiming: Ensorcelled Hibernation (safe; 2% risk of failure)
Press: ? - help, Shift-Dir - straight line, f/p - orc warlord
Aim: an orc warlord, wielding a +0 long sword and wearing a +2 chain mail of poison resistance (heavily wounded, very poisoned, chance to affect: 23%)
The orc warlord resists with almost no effort.
The wall freezes the orc warlord.
The orc warlord hits you with a +0 long sword!
You focus on the pain.
You feel your power returning.
Unknown command.
Unknown command.
Your frozen ramparts will break if you move.
Continue?
Okay, then.
You closely miss the orc warlord. You kick the orc warlord!
The orc warlord is heavily wounded.
The wall freezes the orc warlord but does no damage.
The orc warlord hits you with a +0 long sword!
Unknown command.
Unknown command.
Okay, then.
Your frozen ramparts will break if you move.
Continue?
The orc warlord attacks as you move away!
The orc warlord closely misses you.
The frozen ramparts melt away as you move.
The orc warlord attacks as you move away!
The orc warlord is struck by your spines.
The orc warlord hits you with a +0 long sword!
* * * LOW HITPOINT WARNING * * *
Okay, then.
The orc warlord attacks as you move away!
The orc warlord hits you with a +0 long sword.
* * * LOW HITPOINT WARNING * * *
As you read the scroll of teleportation, it crumbles to dust.
You feel strangely unstable.
The orc warlord hits you with a +0 long sword!!
* * * LOW HITPOINT WARNING * * *
Unknown command.
The orc warlord attacks as you move away!
The orc warlord hits you with a +0 long sword!
You die...

##........#.#.##....
###.......######...
#........#.###.....
###..........#.##...
####..........##.......
#.........#<...........
###.......##............
#.#.....###.............
##.....@#....P.P[.....##
#......o#.P...PP.......#
##...............[......
###....................
#.........∩(.........
#..........8.........
###..P..........#....
##.........P...#.##..
#.....P.P..[.......##


You could see an orc warlord (poisoned).

Vanquished Creatures
  An ironbound preserver (D:13)
  A dire elephant (Lair:5)
  A minotaur (Gauntlet)
  Josephine (Lair:4)
  A fire dragon (Volcano)
  5 hydras
  Harold (Lair:1)
  Erolcha (D:13)
  2 catoblepae
  2 boulder beetles
  5 centaur warriors
  8 two-headed ogres
  Urug (Orc:2)
  Nergalle (D:11)
  4 skysharks
  5 sun demons
  A sixfirhy (Gauntlet)
  2 orc knights
  Pikel (D:4)
  A wizard (Lair:5)
  2 ugly things
  2 orc sorcerers
  A manticore (D:13)
  2 cyclopes
  18 elephants
  Maurice (Orc:1)
  A moth of wrath (Gauntlet)
  2 black mambas (Lair:5)
  4 smoke demons (Volcano)
  2 gargoyles (D:12)
  4 kobold demonologists
  15 cane toads
  4 komodo dragons
  2 efreet
  4 unseen horrors
  6 rime drakes
  2 ice devils (Lair:5)
  2 red devils (Lair:5)
  A queen bee (Lair:3)
  7 trolls
  A hellwing (Lair:5)
  2 polar bears (Lair:5)
  2 hornets
  24 blink frogs
  19 dream sheep
  Sigmund (D:2)
  3 slime creatures (D:12)
  11 shadows
  A vampire (D:10)
  10 wraiths
  5 wyverns
  8 steam dragons
  47 yaks
  5 basilisks
  Menkaure (D:8)
  9 vampire mosquitoes
  3 wargs (D:10)
  2 swamp worms (Lair:2)
  2 acid dragons
  Duvessa (D:5)
  7 hell hounds
  14 water moccasins
  An ice beast (D:7)
  2 sky beasts
  4 black bears
  12 orc warriors
  2 ogres
  10 wolves
  15 centaurs
  A kobold brigand (D:8)
  A lemure (D:4)
  18 bullfrogs
  3 gnoll sergeants
  3 scorpions
  3 wights (D:6)
  Dowan (D:5)
  36 killer bees
  6 electric eels
  6 howler monkeys
  A gnoll bouda (D:6)
  A jelly (D:4)
  A hound (D:5)
  4 orc priests
  2 iguanas (D:5)
  17 orc wizards
  14 gnolls
  11 adders
  5 river rats
  A white imp (D:5)
  3 ufetubi
  4 dart slugs
  45 orcs
  3 bats (D:1)
  10 endoplasms
  3 giant cockroaches
  7 goblins
  6 hobgoblins
  11 jackals (D:1)
  10 kobolds
  A quokka (D:2)
  15 ball pythons
  2 frilled lizards
  28 rats
634 creatures vanquished.

Vanquished Creatures (others)
  An electric eel (D:10)
1 creature vanquished.

Grand Total: 635 creatures vanquished

Notes
Turn   | Place    | Note
-------+----------+-------------------------------------------
     0 | D:1      | Amplified the Demonspawn Venom Mage began the quest for the
                  | Orb.
     0 | D:1      | Reached XP level 1. HP: 13/13 MP: 3/3
    27 | D:1      | Reached skill level 1 in Transmutations
   112 | D:1      | Gained mutation: You have large cloven feet. [demonic
                  | ancestry]
   112 | D:1      | Reached XP level 2. HP: 20/20 MP: 0/5
   350 | D:1      | Learned a level 2 spell: Poisonous Vapours
   438 | D:1      | Reached skill level 1 in Fighting
   777 | D:1      | Reached XP level 3. HP: 26/26 MP: 1/6
   871 | D:2      | Noticed Sigmund
   922 | D:2      | Found a basalt altar of Yredelemnul.
   924 | D:2      | Identified the +3 leather armour of Honour {Int+5}
  1017 | D:2      | Learned a level 3 spell: Mephitic Cloud
  1959 | D:4      | Noticed a lemure
  1995 | D:4      | Found a glowing drain.
  2000 | D:4      | Gained mutation: You are partially covered in sharp spines.
                  | [demonic ancestry]
  2000 | D:4      | Reached XP level 4. HP: 33/33 MP: 7/7
  2009 | Sewer    | Entered a sewer
  2114 | Sewer    | Reached skill level 1 in Shields
  2114 | Sewer    | Reached skill level 1 in Air Magic
  2122 | Sewer    | Reached skill level 2 in Fighting
  2226 | Sewer    | Gained mutation: You have hoof-like feet. [demonic
                  | ancestry]
  2226 | Sewer    | Reached XP level 5. HP: 22/39 MP: 8/8
  2354 | Sewer    | Reached skill level 3 in Fighting
  2354 | Sewer    | Gained mutation: You have hooves in place of feet. [demonic
                  | ancestry]
  2354 | Sewer    | Reached XP level 6. HP: 47/47 MP: 5/9
  3033 | D:4      | Noticed Pikel
  3062 | D:4      | Killed Pikel
  3063 | D:4      | Reached skill level 4 in Fighting
  3063 | D:4      | Reached XP level 7. HP: 40/55 MP: 8/10
  3205 | D:5      | Entered Level 5 of the Dungeon
  3205 | D:5      | Noticed Duvessa
  3205 | D:5      | Noticed Dowan
  3694 | D:2      | Found a faded altar of an unknown god.
  3774 | D:2      | Killed Sigmund
  3775 | D:2      | Reached skill level 5 in Fighting
  3775 | D:2      | Gained mutation: You sometimes gain a little power by
                  | taking damage. [demonic ancestry]
  3775 | D:2      | Reached XP level 8. HP: 56/62 MP: 11/11
  4093 | D:5      | Killed Dowan
  4107 | D:5      | Killed Duvessa
  4408 | D:5      | Reached skill level 5 in Shields
  4408 | D:5      | Reached skill level 5 in Air Magic
  4480 | Abyss:1  | Cast into level 1 of the Abyss (gnoll)
  4514 | Abyss:1  | Noticed a bone dragon
  4575 | Abyss:1  | Noticed a large abomination
  4599 | Abyss:1  | Noticed an ancient zyme
  4625 | Abyss:1  | Noticed a raiju
  4629 | Abyss:1  | Noticed a red very ugly thing
  4630 | Abyss:1  | Gained mutation: You possess an exceptional clarity of
                  | mind. [potion of mutation]
  4630 | Abyss:1  | Gained mutation: Your muscles are strong. (Str +4, Int/Dex
                  | -1) [potion of mutation]
  4630 | Abyss:1  | Gained mutation: You have supernaturally acute eyesight.
                  | (SInv) [potion of mutation]
  4632 | Abyss:1  | Reached skill level 9 in Fighting
  4632 | Abyss:1  | Reached XP level 9. HP: 62/76 MP: 12/12
  4715 | Abyss:1  | Noticed a smoke demon
  4715 | Abyss:1  | Noticed a wretched star
  4721 | Abyss:1  | Noticed a wretched star
  4728 | Abyss:1  | Noticed a rust devil
  4794 | Abyss:1  | Noticed an ancient zyme
  4799 | D:6      | Escaped the Abyss
  4924 | D:5      | Gained mutation: You are mostly covered in sharp spines.
                  | [demonic ancestry]
  4924 | D:5      | Reached XP level 10. HP: 80/83 MP: 3/13
  5253 | D:5      | Found a sacrificial altar of Ru.
  5860 | D:6      | Found a staircase to the Ecumenical Temple.
  6110 | Temple   | Entered the Ecumenical Temple
  6270 | Temple   | Upgraded the game from 0.30.0-15-g856e2d3f33 to
                  | 0.30.0-19-g36f170ea60
  6276 | Temple   | Became a worshipper of Sif Muna the Loreminder
  6301 | D:6      | Learned a level 3 spell: Frozen Ramparts
  7082 | D:7      | Noticed P0WERM0DE's ghost (novice MeCK)
  7082 | D:7      | Found a runed translucent gate.
  7082 | D:7      | Found a runed translucent gate.
  7082 | D:7      | Found a runed translucent gate.
  7197 | D:6      | Reached skill level 1 in Invocations
  7352 | D:6      | Learned a level 2 spell: Scorch
  7674 | D:8      | Reached skill level 1 in Ice Magic
  8023 | D:8      | Reached * piety under Sif Muna
  8421 | D:8      | Found a sparkling altar of Nemelex Xobeh.
  8912 | D:7      | Noticed Menkaure
  8920 | D:8      | Killed Menkaure
  9748 | D:9      | Noticed a two-headed ogre
  9766 | D:9      | Killed a two-headed ogre
  9767 | D:9      | Reached skill level 10 in Fighting
 10483 | D:9      | Found Utunyit's Assorted Antiques.
 10483 | D:9      | Noticed a seven-headed hydra
 10669 | D:9      | Gained mutation: You are partially covered in thin metallic
                  | scales. (AC +2) [demonic ancestry]
 10669 | D:9      | Reached XP level 11. HP: 85/90 MP: 14/14
 10736 | D:10     | Entered Level 10 of the Dungeon
 10759 | D:10     | Noticed a two-headed ogre
 10777 | D:10     | Killed a two-headed ogre
 10909 | D:10     | Noticed a two-headed ogre
 10918 | D:10     | Killed a two-headed ogre
 10918 | D:10     | Reached ** piety under Sif Muna
 11006 | D:10     | Found Acraybith's Jewellery Emporium.
 11008 | D:10     | Noticed a boulder beetle
 11030 | D:10     | Killed a boulder beetle
 11147 | D:10     | Found a staircase to the Orcish Mines.
 11289 | D:10     | Reached skill level 5 in Invocations
 11847 | D:10     | Found a staircase to the Lair.
 11940 | D:10     | Found an opulent altar of Gozag.
 12949 | D:11     | Noticed a centaur warrior
 12961 | D:11     | Killed a centaur warrior
 12966 | D:11     | Reached skill level 1 in Armour
 13055 | D:11     | Noticed Nergalle
 13080 | D:11     | Killed Nergalle
 13658 | D:11     | Gained mutation: You sometimes gain power by taking damage.
                  | [demonic ancestry]
 13658 | D:11     | Reached XP level 12. HP: 91/99 MP: 15/17
 13741 | D:11     | Reached skill level 11 in Fighting
 13741 | D:11     | Reached skill level 10 in Air Magic
 14040 | D:11     | Reached *** piety under Sif Muna
 14179 | D:12     | Reached skill level 5 in Ice Magic
 14524 | D:9      | Learned a level 2 spell: Ensorcelled Hibernation
 14538 | D:9      | Killed a seven-headed hydra
 14816 | D:9      | Bought a shiny helmet for 150 gold pieces
 14887 | Lair:1   | Entered Level 1 of the Lair of Beasts
 14980 | Lair:1   | Noticed Harold
 14993 | Lair:1   | Killed Harold
 14994 | Lair:1   | Reached skill level 1 in Conjurations
 14994 | Lair:1   | Reached skill level 1 in Fire Magic
 15003 | Lair:1   | Noticed Sonja
 15014 | Lair:1   | Sonja changed into Sonja the hornet
 15014 | Lair:1   | Noticed Sonja
 15168 | Lair:1   | Found a gate leading to a gauntlet.
 15175 | Gauntlet | Entered a Gauntlet
 15175 | Gauntlet | Found a transporter.
 15175 | Gauntlet | Found a transporter.
 15276 | Gauntlet | Found a runed translucent door.
 15277 | Gauntlet | Found a transporter.
 15278 | Gauntlet | Found a runed translucent door.
 15289 | Gauntlet | Found a transporter.
 15307 | Gauntlet | Found a transporter.
 15307 | Gauntlet | Found a transporter.
 15307 | Gauntlet | Found a transporter.
 15309 | Gauntlet | Found a transporter.
 15309 | Gauntlet | Found a transporter.
 15322 | Gauntlet | Found a transporter.
 15335 | Gauntlet | Found a runed translucent door.
 15339 | Gauntlet | Found a transporter.
 15346 | Gauntlet | Found a runed translucent door.
 15348 | Gauntlet | Found a transporter.
 15350 | Gauntlet | Found a runed translucent door.
 15353 | Gauntlet | Found a transporter.
 15387 | Gauntlet | Found a transporter.
 15442 | Gauntlet | Learned a level 2 spell: Blink
 15447 | Gauntlet | Learned a level 4 spell: Olgreb's Toxic Radiance
 15516 | Gauntlet | Learned a level 2 spell: Passwall
 15653 | Gauntlet | Identified the +1 hat of Grace {Rampage}
 15657 | Gauntlet | Identified the +1 robe of the Secret Yaks {+Inv Int+4
                  | Dex-5}
 15803 | Gauntlet | Identified the staff of cold "Kunivi" {rC+ rCorr}
 15803 | Gauntlet | Noticed a minotaur
 15831 | Gauntlet | Killed a minotaur
 15832 | Gauntlet | Reached skill level 5 in Spellcasting
 16087 | Lair:1   | Killed Sonja the hornet
 17128 | Lair:2   | Found a dark tunnel.
 17226 | Volcano  | Entered a volcano
 17527 | Volcano  | Reached **** piety under Sif Muna
 17559 | Volcano  | Reached XP level 13. HP: 54/107 MP: 21/21
 18245 | Volcano  | Noticed a fire dragon
 18265 | Volcano  | Reached skill level 12 in Fighting
 18265 | Volcano  | Gained mutation: You are mostly covered in thin metallic
                  | scales. (AC +3) [demonic ancestry]
 18265 | Volcano  | Reached XP level 14. HP: 83/116 MP: 21/24
 18488 | Lair:2   | Identified the +1 scale mail of the Fuzzy Butterfly {Dex+3}
 18622 | Lair:2   | Found a hole to the Spider Nest.
 18740 | Lair:2   | Reached skill level 5 in Armour
 18749 | Lair:2   | Reached skill level 13 in Fighting
 19660 | Lair:3   | Reached skill level 1 in Earth Magic
 19773 | Lair:3   | Reached ***** piety under Sif Muna
 19832 | Lair:3   | Received a gift from Sif Muna
 19841 | Lair:3   | Got Qehiah's Dissertation on the Doomed Gathering {god
                  | gift}
 20133 | Lair:3   | Reached skill level 5 in Dodging
 20295 | Lair:3   | Reached skill level 5 in Fire Magic
 21211 | Lair:3   | Received a gift from Sif Muna
 21613 | Lair:4   | Noticed Josephine
 21641 | Lair:4   | Killed Josephine
 22366 | Lair:4   | Found a shimmering blue altar of Sif Muna.
 22957 | Lair:5   | Entered Level 5 of the Lair of Beasts
 23066 | Lair:5   | Gained mutation: You are powered by pain. [demonic
                  | ancestry]
 23066 | Lair:5   | Reached XP level 15. HP: 84/125 MP: 25/27
 23800 | Orc:1    | Entered Level 1 of the Orcish Mines
 24010 | Orc:1    | Received a gift from Sif Muna
 24013 | Orc:1    | Got Sif Muna's Vellum of Dark Arts and Maleficia {god gift}
 24135 | Orc:2    | Entered Level 2 of the Orcish Mines
 24135 | Orc:2    | Found Pourao Fuhu's General Store.
 25306 | D:13     | Reached skill level 14 in Fighting
 25904 | D:13     | Found Eddos's Antique Armour Boutique.
 25912 | D:13     | Bought a tiger eye-encrusted leather armour for 217 gold
                  | pieces
 25912 | D:13     | Identified the +1 leather armour "Wephac" {Harm rN+ Dex-3}
                  | (You bought it in a shop on level 13 of the Dungeon)
 26058 | D:13     | Found a gate to the Vaults.
 26760 | D:13     | Reached skill level 5 in Earth Magic
 27221 | D:13     | Noticed Erolcha
 27222 | D:13     | Identified the +1 leather armour "Nier" {Will+ Dex+3}
 27441 | D:13     | Reached skill level 5 in Conjurations
 27441 | D:13     | Killed Erolcha
 29136 | Lair:5   | Identified the scarf of Heepp {shadows, rC+ Will++}
 29218 | Lair:5   | Found a viscous altar of Jiyva.
 29218 | Lair:5   | Found a staircase to the Slime Pits.
 29722 | Lair:5   | Learned a level 6 spell: Iron Shot
 29765 | Lair:5   | Found a burning altar of Makhleb.
 29969 | Lair:5   | Received a gift from Sif Muna
 30527 | Lair:5   | Found a gateway to Hell.
 31063 | Lair:5   | Identified the +9 quarterstaff "Wat Disch" {drain, rF+ rC+
                  | Will+}
 31442 | Orc:2    | Noticed Maurice
 31469 | Orc:1    | Reached skill level 10 in Spellcasting
 31603 | Orc:1    | Killed Maurice
 31639 | Orc:2    | Bought a potion of curing for 39 gold pieces
 31639 | Orc:2    | Bought a scroll of magic mapping for 97 gold pieces
 31726 | Orc:2    | Noticed Urug
 31739 | Orc:2    | Killed Urug
 32022 | Orc:2    | Found Xeoso's Book Emporium.
 32324 | Orc:2    | HP: 6/127 [orc warlord/+0 long sword (20)]
 32325 | Orc:2    | Slain by an orc warlord

Illustrated notes

Levels and vault maps discovered:
D:1:      ncdulo_wetmaze, layout_basic, minmay_circled_x
D:2:      layout_basic, basic_altar, ebering_ecumenical_altar_rust, uniq_sigmund
D:3:      layout_rooms, elyvilon_altar_3
D:4:      layout_basic, portal_sewer_entry_d, kennysheep_big_empty_room,
          minmay_misc_feat_alley, minmay_strange_pillars, hex_large,
          minmay_pentomino_pile, uniq_pikel
D:5:      layout_loops_ring, hangedman_ru_absence, uniq_duvessa
D:6:      layout_cave_pods, minmay_temple_entry_poolview
D:7:      layout_cave_pools, gammafunk_ghost_nasty_kobolds, serial_rivers,
          chequers_serial_rivers_small_b, chequers_serial_rivers_room_a,
          chequers_serial_rivers_room_a, chequers_serial_rivers_small_a,
          chequers_serial_rivers_small_a, uniq_menkaure
D:8:      layout_layer_cave, nicolae_overflow_crystal_walls
D:9:      layout_roguey, overflow_temple_1_default, serial_shops,
          kennysheep_little_box, nicolae_eternal_life
D:10:     minmay_octagon_keep, layout_loops_ring, grunt_gozag_breadcrumbs,
          erik_lair_orcish_takeover, serial_shops,
          nicolae_shop_advertising_works [nicolae_subvault_shop_adworks],
          kennysheep_boxes
D:11:     layout_roguey, uniq_nergalle
D:12:     layout_irregular_city, chequers_serial_rivers_large_a
D:13:     layout_basic, skrybe_vaults_entry_preservation, serial_shops, shop,
          uniq_erolcha
D:14:     minmay_wizard_corner, layout_loops_cross
Temple:   bh_familiar_temple
Lair:1:   layout_layer_cave, gauntlet_entry_generic, uniq_harold, uniq_sonja
Lair:2:   layout_hall_layers, nicolae_swamp_entry_splash_gauntlet,
          spider_nest_entry_web_field, enter_volcano_1, eino_house_with_fridge
Lair:3:   regret_index_wax_grids, layout_regular_city
Lair:4:   wander_river, layout_small_grid, basic_altar, serial_bayou_shore_b,
          uniq_josephine
Lair:5:   evil_forest, layout_layer_cave, dpeg_slime_entry_corner,
          serial_bayou_shore_a, grunt_megastairs_1
Orc:1:    layout_diamond_mine, lightli_orcish_oven
Orc:2:    grunt_orc_gardens, layout_diamond_mine, grunt_orc_garden,
          grunt_orc_garden, grunt_orc_garden, grunt_orc_garden, uniq_maurice,
          uniq_urug

Skill      XL: |  1  2  3  4  5  6  7  8  9 10 11 12 13 14 15 |
---------------+----------------------------------------------+-----
Transmutations | 1 |  1.7
Fighting       | 1 2 3 4 5 9 10 11 12 13 14 | 14.5
Shields        | 1 2 4 8 |  8.7
Air Magic      | 1 2 4 8 9 10 | 10.2
Invocations    | 3 6 |  6.0
Dodging        | 3 4 5 7 |  7.5
Ice Magic      | 2 4 5 |  5.2
Spellcasting   | 3 5 7 8 10 | 10.1
Armour         | 1 4 5 |  5.4
Conjurations   | 3 4 6 |  6.4
Fire Magic     | 3 5 6 |  6.4
Earth Magic    | 3 6 |  6.4
Stealth        | |  1.7
Poison Magic   | |  3.4

Action                     |  1- 3 |  4- 6 |  7- 9 | 10-12 | 13-15 || total
---------------------------+-------+-------+-------+-------+-------++-------
  Melee: Unarmed           |    18 |       |       |       |       ||    18
         Kick              |    24 |    21 |    23 |   206 |   393 ||   667
         Dagger            |    73 |    98 |    86 |   505 |   761 ||  1523
   Cast: Sting             |    36 |       |     1 |       |       ||    37
         Poisonous Vapours |     7 |     1 |     5 |   101 |    74 ||   188
         Mephitic Cloud    |       |     1 |     9 |    62 |    75 ||   147
         Scorch            |       |       |       |    32 |    42 ||    74
         Frozen Ramparts   |       |       |       |    49 |   121 ||   170
         Ensorcelled Hiber |       |       |       |     1 |    27 ||    28
         Olgreb's Toxic Ra |       |       |       |       |     5 ||     5
         Blink             |       |       |       |       |     1 ||     1
 Invoke: Channel Magic     |       |       |       |     2 |       ||     2
  Evoke: Wand              |       |       |     6 |    19 |    12 ||    37
         Tin of tremorston |       |       |       |     2 |     3 ||     5
         Box of beasts     |       |       |       |       |     1 ||     1
         Lightning rod     |       |       |       |       |     1 ||     1
    Use: Scroll            |     9 |     4 |     6 |    15 |    12 ||    46
         Potion            |     1 |     4 |    15 |    13 |     7 ||    40
   Stab: Invisible         |       |     7 |     2 |       |     1 ||    10
         Sleeping          |       |       |     3 |     2 |     8 ||    13
         Confused          |       |       |     1 |    19 |    16 ||    36
         Distracted        |       |       |       |     1 |       ||     1
 Armour: Robe              |     3 |       |       |    15 |   287 ||   305
         Leather armour    |    45 |    21 |    32 |   192 |       ||   290
         Skin              |       |    39 |       |     8 |       ||    47
  Dodge: Dodged            |    69 |    38 |    54 |   311 |   593 ||  1065
  Block: Buckler           |    10 |    31 |    30 |   188 |   280 ||   539
